 Dungeon Crawl Stone Soup version 0.26.1-2-gb8aa6d0cf2 (webtiles) character file.

Game seed: 15698858417054559948

1383 FancyManDan the Magician (level 8, 0/58 HPs)
             Began as a Mummy Conjurer on Mar 11, 2021.
             Was a Believer of Kikubaaqudgha.
             Slain by Duvessa
             ... wielding a +0 short sword
              (9 damage)
             ... on level 6 of the Dungeon on Mar 12, 2021.
             The game lasted 00:32:03 (8410 turns).

FancyManDan the Magician (Mummy Conjurer)           Turns: 8410, Time: 00:32:05

Health: 0/58       AC:  4    Str: 10    XL:     8   Next: 40%
Magic:  0/16       EV: 13    Int: 19    God:    Kikubaaqudgha [**....]
Gold:   365        SH:  7    Dex: 11    Spells: 3/18 levels left

rFire    x . .     SeeInvis .   p - +0 rapier
rCold    + + .     Faith    .   k - +3 buckler
rNeg     + + +     Spirit   .   a - +0 robe
rPois    ∞         Reflect  .   h - +0 helmet
rElec    .         Harm     .   (no cloak)
rCorr    .         Rampage  .   (no gloves)
Will     +....                  o - +0 pair of boots
Stlth    ++........             (no amulet)
HPRegen  0.19/turn              j - ring of wizardry
MPRegen  0.15/turn              q - ring of protection from cold

@: no status effects
A: no potions, fire vulnerability, cold resistance 1, negative energy resistance
3, torment resistance, unbreathing
a: Renounce Religion, Receive Corpses


You were on level 6 of the Dungeon.
You worshipped Kikubaaqudgha.
Kikubaaqudgha was pleased with you.
You visited 2 branches of the dungeon, and saw 7 of its levels.
You also visited: Sewer.

You collected 365 gold pieces.

Inventory:

Hand Weapons
 p - a +0 rapier (weapon)
Missiles
 b - 33 poisoned darts
 g - 6 javelins
Armour
 a - a +0 robe (worn)
 h - a +0 helmet (worn)
 k - a +3 buckler (worn)
 o - a +0 pair of boots (worn)
Jewellery
 j - a ring of wizardry (left hand)
 q - a ring of protection from cold (right hand)
Scrolls
 c - a scroll of identify
 d - 4 scrolls of teleportation
 e - 2 scrolls of enchant weapon
 f - a scroll of immolation
 i - 2 scrolls of enchant armour
 l - a scroll of random uselessness
 m - a scroll of blinking
 n - 4 scrolls of remove curse


   Skills:
 + Level 3.5 Fighting
 + Level 3.8 Dodging
 - Level 1.5 Stealth
 - Level 4.0 Shields
 + Level 5.7 Spellcasting
 + Level 4.9 Conjurations
 + Level 3.1 Necromancy


You had 3 spell levels left.
You knew the following spells:

 Your Spells              Type           Power        Failure   Level
a - Magic Dart            Conj           96%          1%          1
b - Searing Ray           Conj           48%          1%          2
c - Dazzling Flash        Conj/Hex       28%          5%          3
d - Fulminant Prism       Conj/Hex       7%           16%         4
e - Vampiric Draining     Necr           8%           4%          3
f - Blink                 Tloc           N/A          7%          2

Your spell library contained the following spells:

 Spells                   Type           Power        Failure   Level
 Animate Skeleton         Necr           34%          1%          1
 Pain                     Necr           68%          1%          1
 Corpse Rot               Necr/Air       N/A          3%          2
 Apportation              Tloc           10%          4%          1
 Conjure Flame            Conj/Fire      14%          5%          3
 Call Imp                 Summ           5%           7%          2
 Slow                     Hex            5%           7%          2
 Mephitic Cloud           Conj/Pois/Air  11%          8%          3
 Iskenderun's Mystic Bla  Conj/Tloc      14%          16%         4
 Summon Forest            Summ/Tloc      2%           75%         5
 Freezing Cloud           Conj/Ice/Air   5%           97%         6
 Malign Gateway           Summ/Tloc      2%           100%        7


Dungeon Overview and Level Annotations

Branches:
Dungeon (6/15)             Temple (1/1) D:4           Sewer (visited)

Altars:
Ashenzari
Cheibriados
Dithmenos
Elyvilon
Hepliaklqana
Kikubaaqudgha
Makhleb
Qazlal
Ru
Sif Muna
Trog
Wu Jian
Xom
Yredelemnul
Zin
The Shining One

Shops:
D:4 (   D:6 ![}

Annotations:
D:6 Dowan, Duvessa


Innate Abilities, Weirdness & Mutations

You do not drink.
Your flesh is vulnerable to fire.
You are immune to poison.
Your flesh is cold resistant. (rC+)
You are immune to negative energy. (rN+++)
You are immune to unholy pain and torment.
You can survive without breathing.


Message History

You can't drink.
Okay, then.
Casting: Searing Ray (safe; 1% risk of failure)
Confirm with . or Enter, or press ? or * to list all spells.
Aiming: Magic Dart (safe; 1% risk of failure)
Press: ? - help, Shift-Dir - straight line, f - Duvessa, p - Dowan
Aim: Duvessa, wielding a +0 short sword and wearing a +0 scale mail (almost dead, fast, 0% to evade)
The magic dart hits Duvessa but does no damage.
Duvessa is almost dead.
You block Duvessa's attack.
Casting: Magic Dart (safe; 1% risk of failure)
Confirm with . or Enter, or press ? or * to list all spells.
Aiming: Magic Dart (safe; 1% risk of failure)
Press: ? - help, Shift-Dir - straight line, f/p - Duvessa
Aim: Duvessa, wielding a +0 short sword and wearing a +0 scale mail (almost dead, fast, 0% to evade)
The magic dart hits Duvessa but does no damage.
Duvessa is almost dead.
You block Duvessa's attack. Duvessa hits you with a +0 short sword!
You die...
Kikubaaqudgha rasps: "You have failed me!
Welcome... oblivion!"

#).# .## #.#### ## #..# ...
#..... ..# #.. ..# . ####.# #.#
##'## #.# .## #.# ##.# ##...##
#.# ..# #.# .#.# #.....## #.###.#
#.# .#.# ####.....###.##..# #.#
...###..##....o##.#...###.#####.#
....#_...#...eoe@..†.............
...#.P...#.)...####...#########.#
.#.##_.⌠.'....## ##....# #....
...##....#...## ####.# #....
#####_...#..## #.# ###....
##..##'## #.# #...... #.P#.#.#
#)# #.#.... ######.# #.# #.###.#
##.## ### #.# #.# #.#


You could see Duvessa (fast), Dowan, an orc wizard (fast) and an orc.

Vanquished Creatures
  Edmund (D:4)
  A water moccasin (D:6)
  2 sky beasts (D:6)
  An ogre (D:5)
  A centaur (D:5)
  Blork the orc (D:5)
  2 bullfrogs (D:6)
  A howler monkey (D:5)
  A jelly (D:5)
  2 orc priests (D:6)
  A bullfrog skeleton (D:5)
  A hound (D:5)
  4 orc wizards
  A centaur skeleton (D:5)
  A worker ant (D:6)
  An iguana (D:6)
  A worker ant zombie (D:5)
  4 gnolls (D:2)
  7 adders
  A howler monkey skeleton (D:5)
  A shadow imp (D:5)
  2 oozes (D:1)
  An adder zombie (D:4)
  3 worms
  7 leopard geckos
  10 orcs
  8 bats
  6 giant cockroaches
  6 goblins
  5 hobgoblins
  6 jackals
  3 quokkas
  7 ball pythons
  8 frilled lizards
  17 kobolds
  7 rats
132 creatures vanquished.

Vanquished Creatures (others)
  5 fulminant prisms
  9 plants
14 creatures vanquished.

Grand Total: 146 creatures vanquished

Notes
Turn   | Place    | Note
-------+----------+-------------------------------------------
     0 | D:1      | FancyManDan the Mummy Conjurer began the quest for the Orb.
     0 | D:1      | Reached XP level 1. HP: 13/13 MP: 4/4
   384 | D:1      | Reached skill level 3 in Spellcasting
   433 | D:1      | Reached XP level 2. HP: 19/19 MP: 4/6
   436 | D:1      | Learned a level 2 spell: Searing Ray
   788 | D:1      | Reached XP level 3. HP: 21/24 MP: 0/7
   798 | D:1      | Learned a level 3 spell: Dazzling Flash
  1537 | D:2      | Found a faded altar of an unknown god.
  2351 | D:2      | Reached XP level 4. HP: 31/31 MP: 4/9
  2354 | D:2      | Reached skill level 1 in Fighting
  2750 | D:2      | Learned a level 4 spell: Fulminant Prism
  3071 | D:3      | Reached skill level 1 in Shields
  3229 | D:3      | Reached skill level 4 in Spellcasting
  3662 | D:4      | Found a staircase to the Ecumenical Temple.
  3667 | D:4      | Reached XP level 5. HP: 37/37 MP: 7/11
  3671 | Temple   | Entered the Ecumenical Temple
  3715 | Temple   | Became a worshipper of Kikubaaqudgha
  4024 | D:4      | Found a sacrificial altar of Ru.
  4216 | D:4      | Found Daweaq's Antique Weapon Emporium.
  4392 | D:5      | Entered Level 5 of the Dungeon
  4392 | D:5      | Noticed Blork the orc
  4392 | D:5      | Noticed a centaur
  4393 | D:5      | Noticed Edmund
  4393 | D:5      | Noticed an ogre
  4564 | D:5      | Killed an ogre
  4649 | D:5      | Identified Cyghof's Grimoire of Displaced Feathers
  4701 | D:5      | Found a glowing drain.
  4705 | Sewer    | Entered a sewer
  4713 | Sewer    | Reached skill level 1 in Necromancy
  4777 | Sewer    | Reached XP level 6. HP: 44/44 MP: 5/12
  4802 | Sewer    | Reached * piety under Kikubaaqudgha
  4802 | Sewer    | Identified Kikubaaqudgha's Tome of Dark Secrets
                  | (Kikubaaqudgha gifted it to you in a sewer)
  4802 | Sewer    | Received a gift from Kikubaaqudgha
  4808 | Sewer    | Learned a level 3 spell: Vampiric Draining
  5957 | D:4      | Killed Edmund
  5958 | D:4      | Reached XP level 7. HP: 25/51 MP: 0/14
  6116 | D:5      | Killed Blork the orc
  6411 | D:5      | You fall into a shaft and drop 1 floor!
  6718 | D:5      | Reached skill level 5 in Spellcasting
  7184 | D:6      | Found Qaeffaint's Gadget Emporium.
  7270 | D:6      | Found a shimmering blue altar of Sif Muna.
  7397 | D:6      | Learned a level 2 spell: Blink
  7403 | D:6      | Identified Sif Muna's Compendium of Translocation
  7591 | D:6      | Reached XP level 8. HP: 58/58 MP: 7/15
  7839 | D:6      | Found a burning altar of Makhleb.
  7839 | D:6      | Found an ornate altar of the Wu Jian Council.
  7840 | D:6      | Found a shadowy altar of Dithmenos.
  8051 | D:6      | Found Adoorom's Distillery.
  8071 | D:6      | Found Bueluro's Armour Shoppe.
  8265 | D:6      | Reached ** piety under Kikubaaqudgha
  8270 | D:6      | Found a stormy altar of Qazlal.
  8270 | D:6      | Found a snail-covered altar of Cheibriados.
  8270 | D:6      | Found a hazy altar of Hepliaklqana.
  8391 | D:6      | Noticed Duvessa
  8392 | D:6      | Noticed Dowan
  8410 | D:6      | Slain by Duvessa

Illustrated notes

Levels and vault maps discovered:
D:1:      psy_arrival_conway, layout_rooms, amcnicky_mini_corridor_feature,
          serial_park_tiny_2, columned_hall_lemuel
D:2:      layout_basic, chequers_ecumenical_altar_simple_redux
D:3:      layout_loops_ring
D:4:      layout_basic, hangedman_ru_absence, minmay_temple_entry_junction_2,
          serial_shops, shop_statue
D:5:      layout_rooms, gup_sewer_entry_bowl, uniq_edmund, uniq_blork_the_orc
D:6:      layout_loops_corners, gammafunk_temple_overflow_claw,
          gammafunk_temple_overflow_forgotten, serial_shops, shop,
          kennysheep_mini, shop, led_sif_book, uniq_duvessa
Temple:   eino_wide_crystal_templ

Skill      XL: |  1  2  3  4  5  6  7  8 |
---------------+-------------------------+-----
Spellcasting   | 3 4 5 |  5.7
Dodging        | 2 3 |  3.8
Fighting       | 1 2 3 |  3.5
Shields        | 1 2 3 4 |  4.0
Conjurations   | 4 |  4.9
Necromancy     | 1 2 3 |  3.1
Stealth        | |  1.5

Action                   |  1- 3 |  4- 6 |  7- 9 || total
-------------------------+-------+-------+-------++-------
Melee: Unarmed           |     7 |       |       ||     7
       Whip              |     5 |     1 |       ||     6
       Long sword        |       |    37 |     2 ||    39
 Cast: Magic Dart        |    82 |   111 |    67 ||   260
       Searing Ray       |     3 |    13 |    22 ||    38
       Fulminant Prism   |       |     1 |     4 ||     5
       Blink             |       |       |     3 ||     3
  Use: Scroll            |       |       |     8 ||     8
Armor: Robe              |     6 |     8 |     4 ||    18
Dodge: Dodged            |    13 |    29 |    29 ||    71
Block: Buckler           |     1 |     9 |    25 ||    35
       Rpst.: Long sword |       |     6 |     1 ||     7
